 Dungeon Crawl Stone Soup version 0.30-a0-989-g0d87f670db (webtiles) character file.

Game seed: 4198475191649641463

25 Pimp the Trooper (level 3, -1/30 HPs)
             Began as a Barachi Fighter on Apr 3, 2023.
             Slain by a kobold
             ... wielding a +0 club
              (2 damage)
             ... on level 2 of the Dungeon.
             The game lasted 00:01:31 (1030 turns).

Pimp the Trooper (Barachi Fighter)                  Turns: 1030, Time: 00:01:31

Health: -1/30      AC:  8    Str: 17    XL:     3   Next: 4%
Magic:  3/3        EV:  7    Int: 10    God:
Gold:   43         SH: 10    Dex: 11    Spells: 2/2 levels left

rFire   . . .      SeeInvis .    a - +0 war axe
rCold   . . .      Faith    .    l - +2 kite shield
rNeg    . . .      Spirit   .    b - +1 scale mail
rPois   .          Reflect  .    (no helmet)
rElec   .          Rampage  .    (no cloak)
rCorr   .                        (no gloves)
Will    .....                    (no boots) Stlth
                                 (no amulet)
HPRegen 0.25/turn                (no ring)
MPRegen 0.08/turn                (no ring)

@: slow
A: amphibious, slowness 1, strong legs 1, +LOS
a: Hop


You were on level 2 of the Dungeon.
You visited 1 branch of the dungeon, and saw 2 of its levels.

You collected 43 gold pieces.

Inventory:

Hand Weapons
 a - a +0 war axe (weapon)
Armour
 b - a +1 scale mail (worn)
 c - a +0 buckler
 l - a +2 kite shield (worn)
Scrolls
 e - a scroll of enchant armour
 g - a scroll of summoning {unknown}
 i - a scroll of blinking {unknown}
 j - a scroll of enchant weapon {unknown}
 k - a scroll of immolation {unknown}
 m - a scroll of teleportation {unknown}
 n - a scroll of identify {unknown}
 o - a scroll of noise {unknown}
Potions
 d - a potion of might
 f - 2 potions of curing {unknown}
 h - a potion of magic {unknown}


   Skills:
 + Level 4.0 Fighting
 + Level 2.6 Axes
 + Level 4.0 Armour
 + Level 0.0 Dodging
 + Level 3.6 Shields
 + Level 0.0 Spellcasting


You had 2 spell levels left.
You didn't know any spells.
Your spell library contained the following spells:

 Spells                   Type           Power      Damage    Failure   Level
 Slow                     Hex            0%         N/A       98%         1
 Confusing Touch          Hex            0%         N/A       100%        3
 Vampiric Draining        Necr           0%         2d6       100%        3


Dungeon Overview and Level Annotations

Branches:
Dungeon (2/15)

Altars:

Annotations:
D:2 Sigmund


Innate Abilities, Weirdness & Mutations

You are amphibious.
You cover ground slowly.
You can hop short distances.
You have an extended range of vision and can be seen from far away.


Message History

You closely miss the kobold. You block the kobold's attack. x2
You closely miss the kobold. You block the kobold's attack.
You barely miss the kobold. You block the kobold's attack.
Sigmund gestures at you while chanting.
You are confused.
The kobold hits you but does no damage.
Sigmund points at you and mumbles some strange words.
The magic dart hits you.
You bump into the rock wall.
The kobold hits you with a +0 club. Sigmund barely misses you.
Unknown command.
The kobold attacks as you move away! The kobold closely misses you.
You miss the kobold.
You feel less confused. You block the kobold's attack.
The kobold hits you but does no damage.
Sigmund hits you from afar with a +0 scythe!
You barely miss the kobold. The kobold hits you but does no damage.
Sigmund hits you from afar with a +0 scythe!
* * * LOW HITPOINT WARNING * * *
You block the kobold's attack.
Sigmund mumbles some strange words.
Sigmund flickers and vanishes!
Deactivating autopickup; reactivate with Ctrl-A.
The kobold attacks as you move away! The kobold hits you but does no damage.
You hit the kobold.
The kobold is severely wounded.
You block the kobold's attack. The kobold hits you but does no damage.
Something hits you.
* * * LOW HITPOINT WARNING * * *
The kobold attacks as you move away! You block the kobold's attack.
The kobold attacks as you move away! You block the kobold's attack.
The kobold barely misses you. Something hits you!
* * * LOW HITPOINT WARNING * * *
You block the kobold's attack.
As you read the scroll labelled ULLOPP SAJOKO PYCH, it crumbles to dust.
It is a scroll of enchant armour.
Your +0 scale mail glows green for a moment.
The kobold hits you with a +0 club.
You die...

#.#######.# #.# .#
#.# .# #.# .# #.#
.# #.# .# #.# ..
#K# ## ###### #@#
#..... #.# #.####
#.###########.#..†
#.............#.##
###############...
#.## ###


You could see a kobold.

Vanquished Creatures
  2 endoplasms (D:1)
  2 giant cockroaches (D:1)
  A goblin (D:2)
  3 hobgoblins (D:1)
  3 jackals (D:1)
  4 bats
  A frilled lizard (D:1)
  2 kobolds (D:1)
  3 rats (D:1)
21 creatures vanquished.

Notes
Turn   | Place    | Note
-------+----------+-------------------------------------------
     0 | D:1      | Pimp the Barachi Fighter began the quest for the Orb.
     0 | D:1      | Reached XP level 1. HP: 18/18 MP: 1/1
    95 | D:1      | Reached XP level 2. HP: 25/25 MP: 2/2
   771 | D:2      | Reached XP level 3. HP: 30/30 MP: 3/3
  1006 | D:2      | Noticed Sigmund
  1028 | D:2      | HP: 1/30 [something (8)]
  1030 | D:2      | Slain by a kobold

Illustrated notes

Levels and vault maps discovered:
D:1:      lightli_arrival_windingriver, layout_basic, minmay_pentomino_z4
D:2:      minmay_chambers_of_twos, layout_basic, basic_altar, uniq_sigmund,
          uniq_crazy_yiuf_cottage, uniq_jessica, uniq_terence

Skill      XL: |  1  2 |
---------------+-------+-----
Fighting       | 4 |  4.0
Armour         | 4 |  4.0
Axes           | |  2.6
Shields        | |  3.6

Action                     || total
---------------------------++-------
  Melee: War axe           ||    68
    Use: Scroll            ||     1
 Armour: Scale mail        ||    64
  Dodge: Dodged            ||    41
  Block: Buckler           ||    14
         Kite shield       ||    36

Table legend: (Time is in decaauts)
 A = Elapsed time spent in this place.
 B = Non-inter-level travel time spent in this place.
 C = Inter-level travel time spent in this place.
 D = Time resting spent in this place.
 E = Time spent auto-exploring this place.
 F = Levels seen in this place.
 G = Mean time per level.
                   A        B        C        D        E       F      G
               +--------+--------+--------+--------+--------+-----+--------+
         Total |   1242 |   1226 |     16 |      0 |    973 |   2 |  621.0 |
       Dungeon |   1242 |   1226 |     16 |      0 |    973 |   2 |  621.0 |
               +--------+--------+--------+--------+--------+-----+--------+

Top non-repeatable levels by time:
     D:1: 883 daAuts
     D:2: 359 daAuts
